 Dungeon Crawl Stone Soup version 0.31.0-32-g396128a36d (webtiles) character file.

Game seed: 9984897260128270332

1139 tizbic2 the Conjurer (level 7, 0/57 HPs)
             Began as a Demigod Conjurer on Mar 18, 2024.
             Slain by a troll (9 damage)
             ... on level 5 of the Dungeon.
             The game lasted 00:21:21 (4578 turns).

tizbic2 the Conjurer (Demigod Conjurer)             Turns: 4578, Time: 00:21:22

Health: 0/57       AC: 10    Str:  9    XL:     7   Next: 91%
Magic:  14/27      EV: 10    Int: 28    God:
Gold:   89         SH:  0    Dex: 11    Spells: 6/16 levels left

rFire   + . .        v - +5 club (spect)
rCold   . . .        (no shield)
rNeg    . . .        x - +2 ring mail {rF+}
rPois   .            (no helmet)
rElec   .            z - +0 cloak
rCorr   .            y - +0 pair of gloves
SInv    .            h - +0 pair of boots
Will    .....        (no amulet)
Stlth   +            n - ring of magical power
HPRegen 0.29/turn    o - ring of wizardry
MPRegen 0.20/turn

%: wizardry (x1)
@: no status effects
A: high MP 1, forlorn, divine attributes, clever 1, deterioration 1, weak 1,
subdued magic 1
a: no special abilities


You were on level 5 of the Dungeon.
You visited 1 branch of the dungeon, and saw 5 of its levels.
You also visited: Sewer.

You collected 259 gold pieces.
You spent 170 gold pieces at shops.

Inventory:

Hand Weapons
 a - a +0 orcbow
 e - a +0 sling
 l - a +0 dagger of pain
 s - a +2 trident of protection
 v - a +5 spectral club (weapon)
Missiles
 E - 4 javelins
Armour
 h - a +0 pair of boots (worn)
 x - a +2 ring mail of fire resistance (worn)
 y - a +0 pair of gloves (worn)
 z - a +0 cloak (worn)
Jewellery
 n - a ring of magical power (left hand)
 o - a ring of wizardry (right hand)
Wands
 c - a wand of flame (12)
 u - a wand of charming (3)
 A - a wand of roots (5)
Scrolls
 f - 2 scrolls of teleportation
 g - a scroll of enchant armour {unknown}
 i - a scroll of immolation
 p - a scroll of blinking
 q - a scroll of identify
 t - a scroll of revelation
 w - 2 scrolls of enchant weapon {unknown}
 B - 2 scrolls of fog {unknown}
 C - a scroll of brand weapon {unknown}
Potions
 b - 3 potions of magic
 j - 2 potions of haste
 k - a potion of attraction {unknown}
 m - 4 potions of invisibility {unknown}
 r - a potion of curing
 D - a potion of enlightenment {unknown}


   Skills:
 + Level 3.6 Fighting
 - Level 2.2 Short Blades
 + Level 2.2 Armour
 - Level 1.7 Dodging
 - Level 1.7 Stealth
 * Level 5.2 Spellcasting
 + Level 5.2 Conjurations
 - Level 2.0 Necromancy


You had 6 spell levels left.
You knew the following spells:

 Your Spells              Type           Power      Damage    Failure   Level
a - Magic Dart            Conj           100%       1d8       1%          1
b - Searing Ray           Conj           56%        2d6       1%          2
c - Iskenderun's Mystic   Conj/Tloc      16%        2d5       21%         4
d - Mephitic Cloud        Conj/Alch/Air  13%        N/A       9%          3

Your spell library contained the following spells:

 Spells                   Type           Power      Damage    Failure   Level
 Fulminant Prism          Conj/Alch      8%         3d6       21%         4


Dungeon Overview and Level Annotations

Branches:
Dungeon (5/15)              Sewer (visited)
 Temple: D:4-7

Shops:
D:4 [:


Innate Abilities, Weirdness & Mutations

You have an increased reservoir of magic. (+10% MP)
You shall have no god before yourself.
Your divine heritage dramatically boosts your attributes as you level up.
Your mind is acute. (Int +4, Str/Dex -1)
Your body sometimes deteriorates upon taking damage.
You are weak. (Str -2)
Your spells are a little easier to cast, but a little less powerful.


Message History

The searing ray hits the troll but does no damage.
The troll is heavily wounded.
The troll bites you! The troll claws you but does no damage.
The troll barely misses you.
You barely miss the troll.
The troll is moderately wounded.
Your +5 spectral club hits the troll.
The troll bites you. The troll claws you! The troll claws you.
Casting: Searing Ray (safe; 1% risk of failure)
Confirm with . or Enter, or press ? or * to list all spells.
Aiming: Searing Ray (safe; 1% risk of failure)
Press: ? - help, Shift-Dir - straight line, f/p - troll
Aim: a troll (heavily wounded, 79% to hit)
The searing ray hits the troll.
The troll is heavily wounded. (Press . to maintain the ray.)
Your +5 spectral club disappears.
The troll bites you!
* * * LOW HITPOINT WARNING * * *
The troll closely misses you. The troll claws you but does no damage.
The searing ray hits the troll.
The troll is severely wounded.
The troll bites you but does no damage. The troll barely misses you.
The troll claws you.
* * * LOW HITPOINT WARNING * * *
Casting: Searing Ray (safe; 1% risk of failure)
Confirm with . or Enter, or press ? or * to list all spells.
Aiming: Searing Ray (safe; 1% risk of failure)
Press: ? - help, Shift-Dir - straight line, f/p - troll
Aim: a troll (severely wounded, 79% to hit)
The searing ray hits the troll.
The troll is severely wounded. (Press . to maintain the ray.)
The troll barely misses you. The troll claws you!
* * * LOW HITPOINT WARNING * * *
The troll claws you but does no damage.
You feel much better. The troll bites you!
* * * LOW HITPOINT WARNING * * *
The troll claws you!
You die...

*,,,,** #... ,,,...** ######.##
**,,..,* ######.## *,,*,..**
######... ,,**,,.,* ##......#
,,,,,,#.* ##.####.#
,,*#,,#.############### ##.#.....
*,.#..#...............####.#<....
**.......†....†T@.........>####..
,,..###...............####.......
,,,**#................# ##..###.#
**,* #.......########## ##..#....
,*,* #.......# ##..#.##.
,*,**######### ##..#.... **,,,,*
##..###.. ,,***,* ##..###.#
,,***,* *****,,,,.,*


You could see a troll.

Vanquished Creatures
  Sigmund (D:2)
  An orc warrior (D:4)
  An ogre (D:4)
  2 brain worms (Sewer)
  A bullfrog (D:4)
  2 scorpions (D:4)
  3 bombardier beetles
  An orc priest (D:3)
  Ijyb (D:3)
  A sleepcap (D:4)
  Jessica (D:3)
  An iguana (D:5)
  An orc wizard (D:3)
  8 adders
  6 river rats (Sewer)
  A dart slug (D:3)
  3 ribbon worms
  11 orcs
  3 bats (D:1)
  6 endoplasms
  6 giant cockroaches
  4 goblins
  7 hobgoblins
  3 quokkas
  7 ball pythons
  10 frilled lizards
  5 kobolds
  10 rats
107 creatures vanquished.

Vanquished Creatures (others)
  An orc wizard (D:3)
1 creature vanquished.

Grand Total: 108 creatures vanquished

Notes
Turn   | Place    | Note
-------+----------+-------------------------------------------
     0 | D:1      | tizbic2 the Demigod Conjurer began the quest for the Orb.
     0 | D:1      | Reached XP level 1. HP: 14/14 MP: 5/5
   279 | D:1      | Reached XP level 2. HP: 16/22 MP: 3/7
   282 | D:1      | Learned a level 2 spell: Searing Ray
   936 | D:2      | Reached XP level 3. HP: 27/27 MP: 1/9
  1074 | D:2      | Noticed Sigmund
  1203 | D:2      | Reached skill level 1 in Fighting
  1451 | D:2      | Gained mutation: You have hidden genetic defects. [potion
                  | of mutation]
  1451 | D:2      | Gained mutation: You are weak. (Str -2) [potion of
                  | mutation]
  1451 | D:2      | Gained mutation: Your mind is acute. (Int +4, Str/Dex -1)
                  | [potion of mutation]
  1515 | D:2      | Killed Sigmund
  1516 | D:2      | Reached skill level 1 in Short Blades
  1516 | D:2      | Reached skill level 1 in Necromancy
  1516 | D:2      | Reached XP level 4. HP: 36/36 MP: 11/11
  1516 | D:2      | Reached XP level 5. HP: 41/41 MP: 12/12
  1528 | D:2      | Gained mutation: Your body sometimes deteriorates upon
                  | taking damage. [hidden defects]
  1981 | D:3      | Gained mutation: Your spells are a little easier to cast,
                  | but a little less powerful. [hidden defects]
  1981 | D:3      | Lost mutation: You have hidden genetic defects. [hidden
                  | defects expressed]
  2100 | D:3      | Reached XP level 6. HP: 33/48 MP: 14/14
  2232 | D:3      | Noticed Ijyb
  2248 | D:3      | Killed Ijyb
  2379 | D:3      | Learned a level 4 spell: Iskenderun's Mystic Blast
  2412 | D:3      | Noticed Jessica
  2414 | D:3      | Killed Jessica
  3116 | D:4      | Found Umacuibb's Tiny Tomes.
  3121 | D:4      | Bought the Collected Works on Striking for 80 gold pieces
  3125 | D:4      | Learned a level 3 spell: Mephitic Cloud
  3150 | D:4      | Reached XP level 7. HP: 40/56 MP: 16/16
  3173 | D:4      | Reached skill level 1 in Armour
  3589 | D:4      | Reached skill level 5 in Conjurations
  3696 | D:4      | Found Qavej's Armour Emporium.
  3710 | D:4      | Bought a +0 pair of gloves for 45 gold pieces
  3710 | D:4      | Bought a +0 cloak for 45 gold pieces
  3859 | D:5      | Entered Level 5 of the Dungeon
  3864 | D:5      | Found a glowing drain.
  3884 | Sewer    | Entered a sewer
  4015 | Sewer    | Reached skill level 5 in Spellcasting
  4559 | D:5      | Noticed a troll
  4577 | D:5      | HP: 1/57 [troll (10)]
  4578 | D:5      | Slain by a troll

Illustrated notes

Levels and vault maps discovered:
D:1:      dpeg_cavernosity, layout_basic, hellmonk_ecumenical_altar_lost_god,
          serial_rivers, chequers_serial_rivers_large_b,
          chequers_serial_rivers_micro_d, chequers_serial_rivers_micro_a,
          chequers_serial_rivers_micro_e
D:2:      layout_basic, uniq_sigmund
D:3:      layout_rooms, nicolae_overflow_hidden_temple, uniq_ijyb, uniq_jessica
D:4:      layout_basic, serial_shops, nicolae_shop_tiny_statue_garden,
          interstate_on_off, nrook_campfire, st_stairs_2,
          nicolae_shop_i_like_small_books_too, kennysheep_nub
D:5:      layout_basic, mainiacjoe_overflow_small_starburst,
          lemuel_doored_altar, portal_sewer_entry_a, reono_crystal_passage,
          nicolae_tricolors

Skill      XL: |  1  2  3  4  5  6  7 |
---------------+----------------------+-----
Spellcasting   | 2 3 4 5 |  5.2
Fighting       | 1 2 3 |  3.6
Short Blades   | 1 2 |  2.2
Conjurations   | 4 5 |  5.2
Necromancy     | 1 2 |  2.0
Armour         | 2 |  2.2
Dodging        | |  1.7
Stealth        | |  1.7

Action                     |  1- 3 |  4- 6 |  7- 9 || total
---------------------------+-------+-------+-------++-------
  Melee: Short sword       |    41 |       |       ||    41
         Punch             |     2 |       |       ||     2
         Dagger            |    18 |       |       ||    18
         Trident           |       |    20 |     4 ||    24
         Club              |       |    10 |    61 ||    71
   Fire: Sling             |    19 |    12 |       ||    31
   Cast: Magic Dart        |    17 |    38 |    26 ||    81
         Searing Ray       |     4 |    12 |    14 ||    30
         Mephitic Cloud    |       |     1 |     1 ||     2
         Iskenderun's Myst |       |       |     1 ||     1
    Use: Scroll            |     3 |     3 |     4 ||    10
         Potion            |     1 |     1 |     1 ||     3
   Stab: Sleeping          |     1 |       |       ||     1
         Confused          |       |       |     1 ||     1
 Armour: Robe              |    31 |       |       ||    31
         Ring mail         |     7 |    63 |    74 ||   144
  Dodge: Dodged            |    34 |    20 |    56 ||   110
